Map: Ascension to Aiur LE

Players

Stephano

  • Race: Zerg Zerg
  • Spawn Location: 5:00

TRUE - Winner!

  • Race: Zerg Zerg
  • Spawn Location: 11:00

Event: WCS Jonkoping 2017

VOD

Have the link to the VOD?

Description

Time

  • Played on: June 17, 2017, 11:10 a.m.
  • Length: 12:54

All games in this series

Show
View Real Time Build Order
Export as new Build Order

Stephano Zerg 

Build Orders: Hatch First 

Get SALT Encoding   

  12  0:01  Drone  
  13  0:12  Overlord  
  13  0:17  Drone  
  14  0:31  Drone x2  
  14  0:34  Drone  
  17  0:51  Hatchery  
  17  0:54  Drone  
  17  0:58  Drone  
  18  1:08  Extractor  
  17  1:12  Spawning Pool  
  17  1:15  Drone  
  17  1:19  Drone  
  18  1:28  Drone  
  19  1:39  Overlord  
  19  1:59  Queen, Zergling x2  
  19  2:00  Zergling x2  
  23  2:03  Queen, Zergling x2  
  23  2:07  Metabolic Boost  
  26  2:12  Drone  
  27  2:17  Drone  
  27  2:22  Drone  
  29  2:24  Drone  
  30  2:34  Queen  
  30  2:35  Drone  
  33  2:39  Drone  
  34  2:50  Hatchery  
  33  2:53  Overlord  
  33  2:56  Drone  
  34  3:02  Drone  
  35  3:05  Baneling Nest  
  35  3:06  Drone  
  35  3:13  Zergling x2  
  35  3:14  Zergling x4  
  38  3:22  Drone x2  
  38  3:25  Drone  
  38  3:26  Drone  
  41  3:27  Drone  
  41  3:31  Overlord  
  42  3:40  Drone  
  43  3:42  Overlord  
  43  3:50  Baneling, Overlord  
  43  3:51  Baneling, Drone x3  
  43  3:52  Drone  
  43  3:53  Drone  
  47  3:57  Overlord  
  47  3:59  Drone  
  48  4:05  Zergling x4  
  48  4:17  Zergling x10  
  48  4:18  Zergling x2  
  48  4:23  Extractor  
  52  4:25  Extractor  
  52  4:26  Evolution Chamber  
  52  4:27  Zergling x6  
  52  4:30  Overlord  
  53  4:32  Drone x3  
  53  4:34  Baneling x2  
  53  4:36  Baneling  
  56  4:39  Drone x2  
  56  4:45  Drone x2  
  60  4:51  Drone x3  
  63  4:53  Roach Warren  
  63  4:55  Zerg Missile Weapons Level 1  
  63  4:57  Drone  
  62  5:08  Zergling x2  
  61  5:18  Overlord  
  61  5:20  Drone x3  
  61  5:26  Baneling x2, Drone  
  61  5:29  Drone  
  61  5:32  Drone x2  
  61  5:33  Zergling x18  
  65  5:40  Drone x2  
  64  5:46  Drone x3  
  64  5:49  Lair  
  66  5:54  Queen  
  67  5:58  Roach  
  67  5:59  Roach x2  
  73  6:05  Roach x3  
  73  6:08  Roach x3  
  85  6:13  Extractor  
  85  6:15  Drone  
  85  6:17  Overlord  
  85  6:20  Unknown  
  85  6:24  Overlord  
  85  6:27  Roach x3  
  85  6:30  Roach x2  
  95  6:33  Drone x2  
  95  6:35  Drone  
  95  6:36  Drone  
  95  6:39  Drone  
  100  6:46  Drone x2  
  101  6:50  Drone x2  
  101  6:51  Overlord  
  101  6:52  Glial Reconstitution  
  101  7:00  Roach x4  
  106  7:03  Overlord  
  106  7:07  Queen  
  106  7:08  Extractor  
  106  7:11  Roach x4  
  106  7:14  Zerg Missile Weapons Level 2, Roach x2  
  106  7:15  Roach  
  119  7:19  Roach  
  120  7:25  Drone x2  
  120  7:26  Drone x2  
  124  7:31  Roach x2  
  124  7:33  Ravager x2  
  130  7:38  Hatchery  
  130  7:39  Overlord x2  
  130  7:41  Ravager, Overlord  
  129  7:52  Overlord  
  129  7:57  Burrow  
  131  7:58  Roach x5  
  131  8:02  Roach x2  
  131  8:05  Roach x2  
  147  8:06  Roach  
  147  8:09  Roach  
  147  8:10  Tunneling Claws  
  151  8:13  Drone  
  151  8:15  Roach x4  
  151  8:19  Drone x2  
  162  8:23  Extractor  
  161  8:33  Overlord x2  
  161  8:34  Pneumatized Carapace  
  161  8:48  Overlord x2  
  161  8:53  Roach x7  
  175  9:01  Ravager, Overlord  
  176  9:03  Overseer  
  176  9:06  Spine Crawler, Overlord  
  176  9:08  Drone x3  
  178  9:14  Roach  
  178  9:15  Roach x6  
  192  9:20  Roach x4  
  200  9:28  Overseer  
  200  9:30  Roach x8  
  200  9:37  Roach x7  
  200  9:38  Roach  
  198  9:39  Roach  
  198  9:41  Roach  
  198  9:43  Roach  
  200  9:51  Zerg Ground Armor Level 1, Roach x2  
  190  9:52  Roach  
  190  9:53  Roach x10  
  190  9:54  Roach x5  
  190  9:56  Roach x6  
  190  10:05  Roach x2  
  186  10:13  Roach x2  
  170  10:15  Roach x6  
  170  10:17  Ravager x5  
  170  10:18  Roach x2  
  181  10:28  Roach x5  
  191  10:32  Spine Crawler x2, Roach x10  
  191  10:33  Spine Crawler  
  186  10:43  Roach x7  
  186  10:48  Roach Warren, Spine Crawler  
  180  10:55  Roach  
  180  10:56  Roach x5  
  166  11:03  Roach x6  
  150  11:09  Roach x2  
  117  11:15  Roach  
  117  11:16  Roach  
  115  11:22  Roach  
  115  11:23  Roach x3  
  120  11:28  Roach x2  
  118  11:39  Overseer  
  118  11:44  Roach x9  
  118  11:45  Ravager x4  
  122  11:48  Roach x2  
  122  11:49  Hatchery  
  122  11:53  Roach x2  
  129  11:58  Roach x2  
  133  12:05  Roach x3  
  141  12:08  Roach  
  141  12:19  Roach x2  
  133  12:25  Roach  
  116  12:34  Roach x2  
Show
View Real Time Build Order
Export as new Build Order

TRUE Zerg - Winner!

Build Orders: Hatch First, Zergling Baneling 

Get SALT Encoding   

  12  0:00  Drone  
  13  0:13  Overlord  
  13  0:17  Drone  
  14  0:31  Drone  
  14  0:32  Drone  
  14  0:35  Drone  
  17  0:52  Hatchery  
  17  0:55  Drone  
  17  1:08  Spawning Pool  
  17  1:09  Extractor  
  15  1:13  Drone  
  15  1:16  Drone  
  17  1:19  Drone  
  18  1:28  Drone  
  19  1:39  Overlord  
  19  1:55  Queen, Zergling x2  
  22  2:04  Queen  
  24  2:10  Metabolic Boost  
  24  2:16  Drone x4  
  28  2:23  Drone  
  28  2:25  Drone  
  30  2:33  Drone  
  31  2:37  Drone  
  31  2:38  Baneling Nest  
  32  2:44  Zergling x2  
  32  2:51  Zergling x2  
  33  2:54  Overlord  
  33  2:58  Drone  
  34  3:04  Drone x2  
  36  3:11  Overlord  
  36  3:13  Drone  
  36  3:14  Drone  
  36  3:16  Drone x3  
  41  3:23  Hatchery  
  39  3:27  Drone x2  
  39  3:29  Drone  
  39  3:31  Baneling x2  
  42  3:34  Queen  
  42  3:36  Drone  
  42  3:39  Drone  
  46  3:44  Overlord  
  46  3:45  Drone x2  
  48  3:51  Extractor, Drone  
  48  3:52  Evolution Chamber  
  48  3:53  Drone  
  48  3:55  Extractor  
  48  3:58  Zergling x6  
  48  4:01  Baneling x2  
  48  4:02  Zergling x2  
  49  4:19  Drone  
  49  4:20  Drone x5  
  49  4:23  Zerg Missile Weapons Level 1  
  55  4:25  Drone x2  
  55  4:26  Drone x2  
  55  4:27  Lair  
  55  4:31  Baneling  
  59  4:34  Roach Warren  
  59  4:35  Baneling  
  59  4:38  Zergling x6  
  60  4:40  Zergling x2  
  60  4:42  Baneling x2  
  62  4:46  Zergling x4  
  62  4:48  Zergling x2  
  62  4:50  Baneling x3  
  62  4:52  Overlord  
  65  4:54  Overlord  
  65  5:01  Overlord  
  65  5:06  Overlord  
  65  5:09  Baneling x2  
  65  5:10  Queen  
  65  5:13  Drone x4  
  67  5:20  Roach x3  
  72  5:22  Roach  
  72  5:24  Roach  
  72  5:26  Roach  
  72  5:28  Roach  
  80  5:32  Roach x2  
  80  5:35  Roach  
  78  5:43  Drone x5  
  78  5:45  Glial Reconstitution  
  83  5:53  Overseer  
  83  5:55  Roach x3  
  83  5:56  Drone x2  
  91  5:57  Drone  
  91  5:59  Extractor, Drone  
  91  6:01  Overlord  
  91  6:03  Roach  
  94  6:08  Overlord  
  94  6:12  Drone x3  
  94  6:13  Overlord  
  94  6:15  Extractor  
  94  6:17  Extractor  
  95  6:21  Overlord  
  95  6:23  Overseer, Drone  
  95  6:24  Drone x2  
  95  6:25  Drone  
  99  6:27  Zerg Missile Weapons Level 2  
  99  6:28  Drone  
  99  6:30  Drone  
  101  6:33  Roach x3  
  101  6:34  Roach  
  101  6:37  Roach  
  111  6:41  Roach x2  
  111  6:43  Roach  
  111  6:46  Roach  
  119  6:48  Roach  
  119  6:52  Roach  
  123  6:55  Roach  
  123  6:56  Roach x2  
  123  6:57  Overlord  
  123  6:59  Roach, Overlord  
  128  7:08  Overlord  
  128  7:13  Overlord  
  128  7:14  Overlord x2  
  128  7:16  Burrow  
  128  7:20  Infestation Pit  
  126  7:23  Drone x2  
  126  7:24  Drone  
  129  7:34  Hatchery  
  129  7:35  Queen  
  129  7:36  Roach  
  132  7:41  Roach x3  
  138  7:49  Roach x2  
  133  7:51  Drone x2  
  133  7:52  Drone x4  
  133  7:53  Drone  
  133  7:54  Drone  
  133  7:58  Infestor  
  141  8:02  Infestor  
  141  8:03  Infestor  
  147  8:10  Infestor  
  149  8:14  Ravager x3  
  149  8:16  Ravager  
  149  8:18  Overlord  
  153  8:26  Pneumatized Carapace  
  153  8:28  Roach x2  
  153  8:29  Roach, Drone  
  153  8:30  Roach  
  153  8:31  Overlord  
  153  8:32  Roach  
  153  8:33  Roach  
  153  8:34  Roach  
  168  8:35  Roach  
  168  8:38  Roach  
  168  8:39  Overlord  
  168  8:40  Roach  
  174  8:45  Roach  
  176  8:50  Roach x2  
  176  8:51  Roach x2  
  176  8:54  Roach x2  
  176  8:55  Roach  
  190  8:56  Roach  
  192  9:03  Overlord  
  192  9:05  Overseer  
  192  9:06  Overseer  
  192  9:07  Drone  
  192  9:09  Roach x2  
  199  9:10  Roach  
  199  9:17  Spine Crawler  
  199  9:18  Zerg Ground Armor Level 1  
  199  9:19  Roach, Spine Crawler  
  199  9:21  Spine Crawler  
  199  9:23  Roach  
  200  9:32  Spine Crawler  
  199  9:46  Overseer  
  199  9:47  Overseer  
  192  9:53  Roach  
  192  9:54  Roach  
  192  9:55  Roach x4  
  192  9:56  Roach x2  
  192  9:57  Roach  
  199  10:03  Roach  
  199  10:09  Roach  
  199  10:19  Overseer, Spine Crawler  
  199  10:20  Roach  
  198  10:22  Roach  
  200  10:38  Overseer  
  198  10:43  Roach  
  198  10:44  Roach x2  
  198  10:46  Roach  
  198  10:47  Queen, Roach x2  
  200  10:56  Roach x2  
  199  10:57  Roach  
  199  10:59  Roach x2  
  199  11:00  Roach  
  199  11:01  Roach  
  199  11:03  Roach  
  199  11:04  Roach x2  
  196  11:05  Roach x2  
  196  11:06  Roach x3  
  196  11:07  Roach  
  196  11:08  Roach  
  196  11:09  Roach x2  
  196  11:10  Roach  
  196  11:11  Roach x18  
  198  11:12  Roach  
  198  11:15  Roach  
  198  11:16  Roach x3  
  196  11:20  Roach  
  194  11:26  Roach x2  
  194  11:28  Roach  
  194  11:29  Roach  
  190  11:34  Roach  
  190  11:36  Roach  
  194  11:40  Ravager x5  
  194  11:41  Ravager  
  194  11:45  Spine Crawler  
  191  12:27  Roach  
  183  12:31  Roach x2  
  183  12:34  Roach  
Tags
 
Add a new tag
Caveats
  • Supply blocks, unpowered buildings, or Contaminate may cause inaccurate times.
  • Supply counts are checked every 10 seconds.